[Event "16th Deltalift Open 2019"]
[Site "Halmstad"]
[Date "2019.05.30"]
[Round "3.3"]
[White "Cramling, Pia"]
[Black "Carlsson, Ludvig"]
[Result "1-0"]
[ECO "A10"]
[WhiteElo "2454"]
[BlackElo "2208"]
[Annotator "ChessBase"]
[PlyCount "87"]
[EventDate "2019.05.30"]
[EventType "swiss"]
[EventCountry "SWE"]
[SourceTitle "playchess.com"]
[Source "ChessBase"]
[SourceQuality "1"]
[TimeControl "1800+12"]

1. c4 b6 2. Nc3 Bb7 3. e4 e5 4. Nf3 Nc6 5. a3 a5 6. d4 exd4 7. Nxd4 Nxd4 8. Qxd4 Ne7 9. Be3 Nc6 10. Qd2 Bc5 11. Be2 O-O 12. O-O Bxe3 13. Qxe3 d6 14. b3 h6 15. Rad1 Rc8 16. Bg4 Rb8 17. f4 Re8 18. Qg3 Bc8 19. Bf3 Re6 20. e5 Ne7 21. Qf2 c6 22. Ne4 Nf5 23. Bg4 Rg6 24. Bxf5 Bxf5 25. Nxd6 Bg4 26. Rd3 Qe7 27. Re1 Bc8 28. f5 Rg5 29. Rf3 c5 30. Ne4 Rg4 31. Rg3 Rxg3 32. Nxg3 Qg5 33. Qe3 Qg4 34. h3 Qh4 35. Rd1 Rb7 36. Rd5 Bd7 37. Qd3 Bc6 38. Rd8+ Kh7 39. Rd6 Rd7 40. f6+ Kg8 41. Kh2 Rxd6 42. Qxd6 Be4 43. fxg7 Kxg7 44. Qf6+ 1-0

[Event "16th Deltalift Open 2019"]
[Site "Halmstad"]
[Date "2019.05.30"]
[Round "3.4"]
[White "Johnson, Daniel"]
[Black "Sjodahl, Pontus"]
[Result "0-1"]
[ECO "E32"]
[WhiteElo "2233"]
[BlackElo "2435"]
[Annotator "ChessBase"]
[PlyCount "116"]
[EventDate "2019.05.30"]
[EventType "swiss"]
[EventCountry "SWE"]
[SourceTitle "playchess.com"]
[Source "ChessBase"]
[SourceQuality "1"]
[TimeControl "1800+12"]

1. d4 Nf6 2. c4 e6 3. Nc3 Bb4 4. Qc2 O-O 5. Nf3 d5 6. cxd5 exd5 7. Bg5 Qd6 8. e3 Ne4 9. Bf4 Qe7 10. Bd3 Bf5 11. O-O Rd8 12. Ne2 Bd6 13. Bxd6 Rxd6 14. Rfc1 c6 15. Ng3 Nxg3 16. hxg3 Bxd3 17. Qxd3 a5 18. Re1 Re6 19. Ne5 Na6 20. Rac1 Nc7 21. Qb3 Nb5 22. a4 Nd6 23. Qa3 h5 24. Nf3 Re8 25. Qc3 Qd8 26. b3 Ne4 27. Qb2 Qb6 28. Qe2 Qb4 29. Ne5 g6 30. Nd3 Qb6 31. Nf4 R6e7 32. Qc2 Kg7 33. Rb1 Rh8 34. b4 axb4 35. Nd3 Ra8 36. Rxb4 Qd8 37. Reb1 Ra7 38. Nc5 Nd6 39. Nd3 Nc4 40. Qe2 Qa8 41. Nc5 Nd6 42. Qc2 Qc8 43. Qe2 Qf5 44. Qf3 Qc8 45. Qe2 Nc4 46. Nd3 b6 47. Rc1 Qe8 48. Nb2 c5 49. dxc5 bxc5 50. Rb3 Kg8 51. Nxc4 dxc4 52. Qxc4 Qxa4 53. Rb8+ Kg7 54. Qc3+ f6 55. Qxc5 Qd7 56. Qc4 Qe6 57. Qf4 Qe5 58. Qc4 Qxb8 0-1

[Event "16th Deltalift Open 2019"]
[Site "Halmstad"]
[Date "2019.05.30"]
[Round "3.5"]
[White "Brynell, Stellan"]
[Black "Petersson, Baldur Teodor"]
[Result "1-0"]
[ECO "A05"]
[WhiteElo "2406"]
[BlackElo "2163"]
[Annotator "ChessBase"]
[PlyCount "77"]
[EventDate "2019.05.30"]
[EventType "swiss"]
[EventCountry "SWE"]
[SourceTitle "playchess.com"]
[Source "ChessBase"]
[SourceQuality "1"]
[TimeControl "1800+12"]

1. Nf3 Nf6 2. c4 g6 3. b3 Bg7 4. Bb2 O-O 5. g3 c5 6. Bg2 Nc6 7. O-O d5 8. cxd5 Nxd5 9. Bxg7 Kxg7 10. d4 cxd4 11. Nxd4 Ndb4 12. Nxc6 Nxc6 13. Bxc6 bxc6 14. Qxd8 Rxd8 15. Nc3 Ba6 16. Rfd1 e5 17. Kf1 Rd4 18. Ke1 Rad8 19. Rac1 Kf8 20. e3 Rxd1+ 21. Nxd1 Rd6 22. Rc5 Rd5 23. Rxc6 Ra5 24. Nc3 Bb7 25. Rc7 Bf3 26. Kd2 Ra6 27. Kc2 h5 28. b4 Bg4 29. b5 Rf6 30. f4 exf4 31. gxf4 a6 32. a4 axb5 33. axb5 Rb6 34. Kb3 Ke8 35. Kb4 Bd7 36. Kc5 Rb8 37. b6 Rc8 38. Kd6 Rxc7 39. Kxc7 1-0

[Event "16th Deltalift Open 2019"]
[Site "Halmstad"]
[Date "2019.05.30"]
[Round "3.6"]
[White "Sjoberg, Isak"]
[Black "Jepson, Christian"]
[Result "0-1"]
[ECO "C57"]
[WhiteElo "2208"]
[BlackElo "2395"]
[Annotator "ChessBase"]
[PlyCount "83"]
[EventDate "2019.05.30"]
[EventType "swiss"]
[EventCountry "SWE"]
[SourceTitle "playchess.com"]
[Source "ChessBase"]
[SourceQuality "1"]
[TimeControl "1800+12"]

1. e4 e5 2. Nf3 Nc6 3. Bc4 Nf6 4. Ng5 d5 5. exd5 b5 6. Bf1 Nd4 7. c3 Nxd5 8. cxd4 Qxg5 9. Bxb5+ Kd8 10. Qf3 Bb7 11. h4 Qf4 12. dxe5 Qxf3 13. gxf3 Nb4 14. Na3 Bxf3 15. Rh3 Bd5 16. d4 Be7 17. Bd2 Rb8 18. Bd3 Nxd3+ 19. Rxd3 Rxb2 20. Bc1 Rb6 21. Rb1 Bxh4 22. Rxb6 axb6 23. Nc2 Be7 24. Ba3 Bxa2 25. Bxe7+ Kxe7 26. Nb4 Bc4 27. Rg3 c5 28. Nc2 g6 29. dxc5 b5 30. Ra3 Rc8 31. Ra7+ Ke6 32. c6 Kxe5 33. Nb4 Kd6 34. Kd2 h5 35. Kc3 Kc5 36. Rb7 h4 37. c7 h3 38. Rb8 Be6 39. Nd3+ Kd6 40. Rxc8 Bxc8 41. f3 h2 42. Nf2 0-1

[Event "16th Deltalift Open 2019"]
[Site "Halmstad"]
[Date "2019.05.30"]
[Round "3.7"]
[White "Pantzar, Milton"]
[Black "Rasti, Arvin"]
[Result "1-0"]
[ECO "A05"]
[WhiteElo "2390"]
[BlackElo "2151"]
[Annotator "ChessBase"]
[PlyCount "115"]
[EventDate "2019.05.30"]
[EventType "swiss"]
[EventCountry "SWE"]
[SourceTitle "playchess.com"]
[Source "ChessBase"]
[SourceQuality "1"]
[TimeControl "1800+12"]

1. Nf3 Nf6 2. e3 e6 3. c4 b6 4. b3 Bb7 5. Bb2 c5 6. g3 Be7 7. Bg2 O-O 8. O-O d5 9. Nc3 Nbd7 10. Qe2 Rc8 11. Rac1 Qc7 12. cxd5 exd5 13. d4 Qb8 14. Rfd1 Rfd8 15. Ne5 Qa8 16. Nxd7 Nxd7 17. dxc5 Nxc5 18. Nb5 Ne6 19. Nd4 Rxc1 20. Rxc1 Nxd4 21. Bxd4 Bc8 22. Qh5 Be6 23. Qe5 Bf6 24. Qf4 Bxd4 25. Qxd4 h6 26. Rd1 Rc8 27. Bxd5 Bxd5 28. Qxd5 Qxd5 29. Rxd5 Rc2 30. a4 Kf8 31. Rd4 Ke7 32. Kg2 Ke6 33. Rd3 f5 34. h3 Rb2 35. g4 g5 36. gxf5+ Kxf5 37. Kf3 h5 38. Rd5+ Kf6 39. Rb5 Kg6 40. Kg3 Rc2 41. a5 bxa5 42. Rxa5 Rb2 43. Ra6+ Kf5 44. Ra5+ Kg6 45. Rb5 a6 46. Rb4 Rb1 47. Rb8 Rg1+ 48. Kf3 Rb1 49. Ke4 Rb2 50. Rb6+ Kg7 51. f4 g4 52. hxg4 hxg4 53. Rxa6 Rxb3 54. Ra5 Rb4+ 55. Kf5 g3 56. Kg4 g2 57. Rg5+ Kf6 58. Kf3 1-0

[Event "16th Deltalift Open 2019"]
[Site "Halmstad"]
[Date "2019.05.30"]
[Round "3.9"]
[White "Seo, Jung Min"]
[Black "Mejvik, Jacob"]
[Result "1-0"]
[ECO "C88"]
[WhiteElo "2377"]
[BlackElo "2057"]
[Annotator "ChessBase"]
[PlyCount "61"]
[EventDate "2019.05.30"]
[EventType "swiss"]
[EventCountry "SWE"]
[SourceTitle "playchess.com"]
[Source "ChessBase"]
[SourceQuality "1"]
[TimeControl "1800+12"]

1. e4 e5 2. Nf3 Nc6 3. Bb5 a6 4. Ba4 Nf6 5. O-O Be7 6. Re1 b5 7. Bb3 O-O 8. a4 b4 9. d3 Bc5 10. Bg5 d6 11. Nbd2 Re8 12. Nf1 Be6 13. Bxe6 Rxe6 14. Ne3 Bxe3 15. Rxe3 Qb8 16. Nh4 g6 17. Nf5 Ne8 18. Rg3 f6 19. Bd2 Kh8 20. Qg4 Nd8 21. h4 Ng7 22. Nxg7 Kxg7 23. h5 Kf8 24. hxg6 hxg6 25. Qxg6 Nf7 26. Bh6+ Ke7 27. Bg7 Nh8 28. Qh7 Nf7 29. Qf5 Qb6 30. Rg6 Nh8 31. Rxf6 1-0

[Event "16th Deltalift Open 2019"]
[Site "Halmstad"]
[Date "2019.05.30"]
[Round "3.10"]
[White "Harren, Mats"]
[Black "Rydstrom, Tom"]
[Result "0-1"]
[ECO "C77"]
[WhiteElo "2139"]
[BlackElo "2365"]
[Annotator "ChessBase"]
[PlyCount "52"]
[EventDate "2019.05.30"]
[EventType "swiss"]
[EventCountry "SWE"]
[SourceTitle "playchess.com"]
[Source "ChessBase"]
[SourceQuality "1"]
[TimeControl "1800+12"]

1. e4 e5 2. Nf3 Nc6 3. Bb5 a6 4. Ba4 Nf6 5. d3 b5 6. Bb3 Bc5 7. Nc3 h6 8. Nd5 O-O 9. Nxf6+ Qxf6 10. Bd5 Re8 11. c3 Rb8 12. g4 Ne7 13. g5 Qb6 14. Bxf7+ Kxf7 15. Nxe5+ Kg8 16. d4 Qe6 17. gxh6 Ng6 18. Rg1 Nxe5 19. Rxg7+ Kh8 20. dxc5 Bb7 21. f3 Qh3 22. Kf2 Rf8 23. Rg3 Qxh2+ 24. Rg2 Ng4+ 25. Kf1 Qh1+ 26. Rg1 Rxf3+ 0-1

[Event "16th Deltalift Open 2019"]
[Site "Halmstad"]
[Date "2019.05.30"]
[Round "3.11"]
[White "Malmstig, Erik"]
[Black "Nilsson, Patrik"]
[Result "1-0"]
[ECO "E70"]
[WhiteElo "2352"]
[BlackElo "2221"]
[Annotator "ChessBase"]
[PlyCount "103"]
[EventDate "2019.05.30"]
[EventType "swiss"]
[EventCountry "SWE"]
[SourceTitle "playchess.com"]
[Source "ChessBase"]
[SourceQuality "1"]
[TimeControl "1800+12"]

1. c4 g6 2. d4 Nf6 3. Nc3 Bg7 4. e4 d6 5. Nge2 O-O 6. Ng3 e5 7. d5 a5 8. Be2 Na6 9. h4 h5 10. Bg5 Qe8 11. Qd2 Nh7 12. Bh6 Bd7 13. Bxh5 f5 14. Bxg7 Kxg7 15. Be2 f4 16. Nf1 Nc5 17. Qc2 c6 18. Nd2 a4 19. g3 fxg3 20. fxg3 Nf6 21. Nf3 cxd5 22. cxd5 b5 23. a3 Rc8 24. Ng5 Nb3 25. Rd1 Nd4 26. Qd3 Ng4 27. Rf1 Rxf1+ 28. Bxf1 Qe7 29. Rd2 Rf8 30. Bg2 Qf6 31. Nd1 b4 32. Qa6 b3 33. Qa7 Rd8 34. Rxd4 exd4 35. Ne6+ Kh6 36. Nxd8 Qxd8 37. Qxd4 Ne5 38. Qe3+ Kh7 39. Nc3 Qa5 40. Bf1 Bg4 41. Kd2 Nf3+ 42. Kc1 Qc7 43. Bb5 Ne5 44. Bxa4 Qf7 45. Bb5 Qf6 46. a4 Nf3 47. a5 Nd4 48. Bd3 Bc8 49. a6 Nc2 50. Bxc2 bxc2 51. Kxc2 Bxa6 52. Qa7+ 1-0

[Event "16th Deltalift Open 2019"]
[Site "Halmstad"]
[Date "2019.05.30"]
[Round "3.12"]
[White "Svensson, Leif"]
[Black "Bellon Lopez, Juan Manuel"]
[Result "0-1"]
[ECO "D01"]
[WhiteElo "2016"]
[BlackElo "2345"]
[Annotator "ChessBase"]
[PlyCount "84"]
[EventDate "2019.05.30"]
[EventType "swiss"]
[EventCountry "SWE"]
[SourceTitle "playchess.com"]
[Source "ChessBase"]
[SourceQuality "1"]
[TimeControl "1800+12"]

1. d4 Nf6 2. Nc3 d5 3. Bg5 c6 4. e3 Nbd7 5. f4 e6 6. Nf3 Qa5 7. a3 Ne4 8. Bd3 Nxc3 9. Qd2 c5 10. Qxc3 Qxc3+ 11. bxc3 c4 12. Be2 Bd6 13. g4 f6 14. Bh4 O-O 15. g5 fxg5 16. Bxg5 Nf6 17. Bxf6 gxf6 18. a4 Rf7 19. Rg1+ Rg7 20. Kf2 Bd7 21. Rxg7+ Kxg7 22. a5 a6 23. Nd2 Bc7 24. Bf3 Kf7 25. Bh5+ Ke7 26. Rg1 Bxa5 27. Rg7+ Kd6 28. Nb1 Rh8 29. Bf7 Bd8 30. Bg8 Be7 31. f5 Bf8 32. Rg1 exf5 33. h4 b5 34. Bf7 Be6 35. Bxe6 Kxe6 36. Nd2 Bd6 37. Rg7 Be7 38. Ke2 a5 39. Kd1 b4 40. Kc1 bxc3 41. Nb1 Bb4 42. Ra7 Rg8 0-1

[Event "16th Deltalift Open 2019"]
[Site "Halmstad"]
[Date "2019.05.30"]
[Round "3.13"]
[White "Ziegler, Nathalie"]
[Black "Lindgren, Fredrik"]
[Result "1-0"]
[ECO "A10"]
[WhiteElo "1789"]
[BlackElo "2278"]
[Annotator "ChessBase"]
[PlyCount "49"]
[EventDate "2019.05.30"]
[EventType "swiss"]
[EventCountry "SWE"]
[SourceTitle "playchess.com"]
[Source "ChessBase"]
[SourceQuality "1"]
[TimeControl "1800+12"]

1. c4 d6 2. d4 Nc6 3. Nc3 g6 4. Nf3 Bg7 5. e4 e5 6. dxe5 Nxe5 7. Be2 Ne7 8. O-O O-O 9. Bg5 Be6 10. Nxe5 Bxe5 11. f4 Bxc3 12. bxc3 f6 13. Bh6 Rf7 14. f5 gxf5 15. Bh5 fxe4 16. Bxf7+ Bxf7 17. Rxf6 Ng6 18. Rxf7 Kxf7 19. Qd5+ Ke8 20. Bg5 Qc8 21. Rf1 Ne5 22. Qg8+ Kd7 23. Qxh7+ Kc6 24. Qxe4+ Kb6 25. c5+ 1-0

[Event "16th Deltalift Open 2019"]
[Site "Halmstad"]
[Date "2019.05.30"]
[Round "3.14"]
[White "Ziegler, Ari"]
[Black "Falkevall, Axel"]
[Result "1-0"]
[ECO "C11"]
[WhiteElo "2300"]
[BlackElo "1960"]
[Annotator "ChessBase"]
[PlyCount "51"]
[EventDate "2019.05.30"]
[EventType "swiss"]
[EventCountry "SWE"]
[SourceTitle "playchess.com"]
[Source "ChessBase"]
[SourceQuality "1"]
[TimeControl "1800+12"]

1. e4 e6 2. d4 d5 3. Nc3 Nf6 4. e5 Nfd7 5. f4 c5 6. Nf3 Nc6 7. Be3 Be7 8. Qd2 a6 9. Be2 b5 10. O-O Bb7 11. a3 Qc7 12. Kh1 O-O 13. Rad1 Rfc8 14. dxc5 Nxc5 15. Bxc5 Bxc5 16. Bd3 Be7 17. f5 Nxe5 18. Nxe5 Qxe5 19. Rde1 Qd6 20. f6 Bxf6 21. Rxf6 gxf6 22. Qh6 Rc7 23. Bxh7+ Kh8 24. Qxf6+ Kxh7 25. Re3 Kg8 26. Rh3 1-0

[Event "16th Deltalift Open 2019"]
[Site "Halmstad"]
[Date "2019.05.30"]
[Round "3.15"]
[White "Bernhardsson, Sten"]
[Black "Kucuksari, Kaan"]
[Result "0-1"]
[ECO "A46"]
[WhiteElo "1992"]
[BlackElo "2320"]
[Annotator "ChessBase"]
[PlyCount "30"]
[EventDate "2019.05.30"]
[EventType "swiss"]
[EventCountry "SWE"]
[SourceTitle "playchess.com"]
[Source "ChessBase"]
[SourceQuality "1"]
[TimeControl "1800+12"]

1. d4 Nf6 2. Nf3 e6 3. Bg5 h6 4. Bh4 b6 5. e3 Bb7 6. Be2 d6 7. O-O g5 8. Bg3 Ne4 9. Nbd2 Nxg3 10. hxg3 Bg7 11. c3 g4 12. Ne1 h5 13. e4 Bh6 14. e5 dxe5 15. dxe5 Qxd2 0-1

[Event "16th Deltalift Open 2019"]
[Site "Halmstad"]
[Date "2019.05.30"]
[Round "3.16"]
[White "Holst, Conny"]
[Black "Silfverstroem, Niklas"]
[Result "1-0"]
[ECO "E73"]
[WhiteElo "2197"]
[BlackElo "2019"]
[Annotator "ChessBase"]
[PlyCount "39"]
[EventDate "2019.05.30"]
[EventType "swiss"]
[EventCountry "SWE"]
[SourceTitle "playchess.com"]
[Source "ChessBase"]
[SourceQuality "1"]
[TimeControl "1800+12"]

1. d4 Nf6 2. c4 g6 3. Nc3 d6 4. e4 Bg7 5. Be2 O-O 6. Bg5 h6 7. Be3 e5 8. d5 Nbd7 9. Qd2 Kh7 10. f3 Nh5 11. g3 f5 12. exf5 gxf5 13. O-O-O Ndf6 14. Bd3 Kh8 15. Bxh6 f4 16. Bxg7+ Kxg7 17. g4 Nxg4 18. fxg4 Bxg4 19. Qg2 Qg5 20. Nf3 1-0

[Event "16th Deltalift Open 2019"]
[Site "Halmstad"]
[Date "2019.05.30"]
[Round "3.17"]
[White "Trost, Edvin"]
[Black "Wahlstrom, Lennart"]
[Result "1/2-1/2"]
[ECO "C89"]
[WhiteElo "2047"]
[BlackElo "2196"]
[Annotator "ChessBase"]
[PlyCount "101"]
[EventDate "2019.05.30"]
[EventType "swiss"]
[EventCountry "SWE"]
[SourceTitle "playchess.com"]
[Source "ChessBase"]
[SourceQuality "1"]
[TimeControl "1800+12"]

1. e4 e5 2. Nf3 Nc6 3. Bb5 a6 4. Ba4 Nf6 5. O-O Be7 6. Re1 b5 7. Bb3 O-O 8. c3 d5 9. d4 dxe4 10. Nxe5 Bb7 11. Nd2 Bd6 12. Ng4 Nxg4 13. Qxg4 Kh8 14. Qxe4 Na5 15. Qg4 f5 16. Qh3 Re8 17. Rf1 Nxb3 18. axb3 Qf6 19. Nf3 f4 20. b4 Re2 21. Rd1 Rae8 22. Bd2 Qg6 23. Rac1 Be4 24. Ne1 Bf5 25. Qh4 Bg4 26. h3 Bh5 27. Bxf4 R2e4 28. g4 Bxf4 29. Ra1 Bxg4 30. hxg4 Bd2 31. f3 Re2 32. Ng2 Bg5 33. Qh5 Qxh5 34. gxh5 Be3+ 35. Nxe3 R8xe3 36. Rf1 Rxb2 37. Rae1 Ree2 38. Rxe2 Rxe2 39. Ra1 Re6 40. Kf2 Kg8 41. Kg3 Kf7 42. Kf4 Kf6 43. Ra2 Rc6 44. Ra3 Ke6 45. Ke4 Kf6 46. Kf4 Re6 47. Ra1 g5+ 48. hxg6 hxg6 49. d5 g5+ 50. Kg4 Rd6 51. f4 {Ke5} 1/2-1/2

[Event "16th Deltalift Open 2019"]
[Site "Halmstad"]
[Date "2019.05.30"]
[Round "3.18"]
[White "Cramling Bellon, Anna"]
[Black "Brzezinski, Adam"]
[Result "1-0"]
[ECO "A56"]
[WhiteElo "1990"]
[BlackElo "2193"]
[Annotator "ChessBase"]
[PlyCount "108"]
[EventDate "2019.05.30"]
[EventType "swiss"]
[EventCountry "SWE"]
[SourceTitle "playchess.com"]
[Source "ChessBase"]
[SourceQuality "1"]
[TimeControl "1800+12"]

1. d4 Nf6 2. c4 c5 3. d5 e5 4. Nc3 d6 5. e4 Be7 6. g3 Nbd7 7. Bg2 O-O 8. Nge2 Ne8 9. O-O Nc7 10. Be3 a6 11. a4 Rb8 12. Qd3 Bf6 13. f4 g6 14. f5 Bg5 15. g4 b5 16. axb5 axb5 17. cxb5 Bxe3+ 18. Qxe3 g5 19. f6 h6 20. Qh3 Nxf6 21. Qxh6 Nxg4 22. Qh5 Ne8 23. Rf3 Ng7 24. Qh3 Qd7 25. Ng3 Qe7 26. Nf5 Bxf5 27. exf5 Nf6 28. Qh6 g4 29. Rff1 Rfc8 30. Ra6 Nge8 31. b6 Qf8 32. Qxf8+ Kxf8 33. Nb5 Nd7 34. Na7 Nxb6 35. Nxc8 Nxc8 36. Rf2 Nf6 37. Ra4 Ke7 38. Ra2 Rb4 39. Ra3 Rd4 40. Rb3 Nxd5 41. Bxd5 Rxd5 42. f6+ Kd7 43. Rb7+ Ke6 44. Rc7 Rd4 45. Rxc8 Rf4 46. Rxf4 exf4 47. Rg8 Kf5 48. Rg7 Kxf6 49. Rxg4 Kf5 50. Rg8 d5 51. Kf2 Ke4 52. h4 Kd3 53. h5 d4 54. h6 Kc2 1-0

[Event "16th Deltalift Open 2019"]
[Site "Halmstad"]
[Date "2019.05.30"]
[Round "3.19"]
[White "Ekenstierna, Adrian"]
[Black "Lindhe, Magnus"]
[Result "0-1"]
[ECO "C03"]
[WhiteElo "1856"]
[BlackElo "2173"]
[Annotator "ChessBase"]
[PlyCount "108"]
[EventDate "2019.05.30"]
[EventType "swiss"]
[EventCountry "SWE"]
[SourceTitle "playchess.com"]
[Source "ChessBase"]
[SourceQuality "1"]
[TimeControl "1800+12"]

1. e4 e6 2. d4 d5 3. Nd2 dxe4 4. Nxe4 b6 5. Nf3 Bb7 6. Bd3 Nf6 7. Bg5 Be7 8. Bxf6 gxf6 9. c3 Nd7 10. Qe2 c6 11. g3 Qc7 12. O-O-O O-O-O 13. Rhe1 Kb8 14. Kb1 h6 15. Ng1 f5 16. Nd2 Bf6 17. f4 h5 18. Ngf3 h4 19. Nc4 Rdg8 20. Rg1 hxg3 21. hxg3 Rg7 22. Nfe5 Rhg8 23. Qe3 Nxe5 24. dxe5 Be7 25. Be2 Bc5 26. Rd4 Ba6 27. Nd6 Bxe2 28. Qxe2 Bxd4 29. cxd4 Rxg3 30. Rxg3 Rxg3 31. Qh2 Rg8 32. Qh7 Rd8 33. Qg7 Rxd6 34. exd6 Qxd6 35. Qg8+ Kb7 36. Qxf7+ Ka6 37. a3 Qxd4 38. Qxe6 Qxf4 39. Qxc6 Qe4+ 40. Qxe4 fxe4 41. Kc2 Kb5 42. Kc3 Ka4 43. Kd4 Kb3 44. Kxe4 Kxb2 45. a4 a5 46. Kd3 Kb3 47. Kd2 Kxa4 48. Kc2 Kb4 49. Kb2 b5 50. Kb1 a4 51. Ka1 Kc3 52. Kb1 b4 53. Kc1 b3 54. Kb1 b2 0-1

[Event "16th Deltalift Open 2019"]
[Site "Halmstad"]
[Date "2019.05.30"]
[Round "3.20"]
[White "Ask, Josef"]
[Black "Dingertz, Erik"]
[Result "1-0"]
[ECO "C65"]
[WhiteElo "2149"]
[BlackElo "1969"]
[Annotator "ChessBase"]
[PlyCount "33"]
[EventDate "2019.05.30"]
[EventType "swiss"]
[EventCountry "SWE"]
[SourceTitle "playchess.com"]
[Source "ChessBase"]
[SourceQuality "1"]
[TimeControl "1800+12"]

1. e4 e5 2. Nf3 Nc6 3. Bb5 Nf6 4. d3 Bc5 5. Bxc6 dxc6 6. Bg5 O-O 7. h3 Re8 8. Nbd2 Bd6 9. Nc4 Be6 10. Nfd2 Bxc4 11. Nxc4 Qe7 12. Ne3 Rad8 13. Qf3 b5 14. Ng4 Bb4+ 15. c3 Ba5 16. Nxf6+ Kh8 17. Qf5 1-0

[Event "16th Deltalift Open 2019"]
[Site "Halmstad"]
[Date "2019.05.30"]
[Round "3.21"]
[White "Olund, Joar"]
[Black "Narva, David"]
[Result "1-0"]
[ECO "E95"]
[WhiteElo "2328"]
[BlackElo "1956"]
[Annotator "ChessBase"]
[PlyCount "87"]
[EventDate "2019.05.30"]
[EventType "swiss"]
[EventCountry "SWE"]
[SourceTitle "playchess.com"]
[Source "ChessBase"]
[SourceQuality "1"]
[TimeControl "1800+12"]

1. d4 Nf6 2. c4 g6 3. Nc3 Bg7 4. e4 O-O 5. Nf3 d6 6. Be2 Nbd7 7. O-O e5 8. Re1 c6 9. Bf1 Qe7 10. Rb1 Nh5 11. g3 exd4 12. Nxd4 Qf6 13. Be3 Ne5 14. Be2 Be6 15. Nxe6 fxe6 16. f4 Nf7 17. Bxh5 gxh5 18. Qxh5 Rad8 19. Rbd1 b6 20. Rd3 d5 21. Bd4 Qg6 22. Qxg6 hxg6 23. Bxg7 Kxg7 24. exd5 exd5 25. cxd5 Rd7 26. b4 Rfd8 27. Red1 Nh6 28. h3 Ng8 29. Kf2 Ne7 30. d6 Nc8 31. Ne4 Re8 32. Ng5 Kf6 33. Nf3 Red8 34. Ne5 Rxd6 35. Rxd6+ Nxd6 36. Kf3 c5 37. bxc5 bxc5 38. Rd5 c4 39. Rc5 Rb8 40. Nxc4 Nf5 41. g4 Ne7 42. Ra5 Rc8 43. Ra6+ Kg7 44. Rxa7 1-0

[Event "16th Deltalift Open 2019"]
[Site "Halmstad"]
[Date "2019.05.30"]
[Round "3.22"]
[White "Bensryd, Hampus"]
[Black "Nyander, Joakim"]
[Result "0-1"]
[ECO "A01"]
[WhiteElo "1964"]
[BlackElo "2235"]
[Annotator "ChessBase"]
[PlyCount "124"]
[EventDate "2019.05.30"]
[EventType "swiss"]
[EventCountry "SWE"]
[SourceTitle "playchess.com"]
[Source "ChessBase"]
[SourceQuality "1"]
[TimeControl "1800+12"]

1. b3 c5 2. Bb2 b6 3. e3 Nf6 4. f4 e6 5. Nf3 Be7 6. Be2 d6 7. O-O Bb7 8. Bb5+ Nbd7 9. d3 O-O 10. Bxd7 Qxd7 11. Nbd2 b5 12. Qe2 a5 13. e4 a4 14. Bxf6 Bxf6 15. e5 Be7 16. exd6 Qxd6 17. g3 Bf6 18. Rab1 axb3 19. axb3 Ra2 20. Ne4 Bd4+ 21. Nxd4 Qxd4+ 22. Qf2 Bxe4 23. Qxd4 cxd4 24. dxe4 f6 25. Rbd1 Rc8 26. Rf2 e5 27. Rdd2 h5 28. Kg2 Rc5 29. f5 Kh7 30. Kh3 Rc3 31. Kh4 Kh6 32. Rfe2 Rf3 33. Kh3 Kg5 34. Kg2 Rc3 35. Rf2 Re3 36. h4+ Kg4 37. Kh2 Ra1 38. Rde2 Re1 39. Rd2 b4 40. Rxd4 Rxg3 41. Rd3 Rgg1 42. Rg2+ Rxg2+ 43. Kxg2 Rxe4 44. Rg3+ Kxf5 45. Rxg7 Rxh4 46. Rb7 Rd4 47. Kf3 h4 48. Ke3 Kg4 49. Rg7+ Kh3 50. Rg6 Rf4 51. Ke2 Kh2 52. Ke3 Rf5 53. Rh6 Kh3 54. Rg6 Rf4 55. Ke2 f5 56. Rg5 e4 57. Ke3 Rf3+ 58. Ke2 Rf4 59. Ke3 Rf1 60. Ke2 Rf3 61. Rg1 Rg3 62. Rf1 Kg4 0-1

[Event "16th Deltalift Open 2019"]
[Site "Halmstad"]
[Date "2019.05.30"]
[Round "3.23"]
[White "Naslund, Mikael"]
[Black "Petersson, Kjell"]
[Result "1-0"]
[ECO "D02"]
[WhiteElo "2177"]
[BlackElo "1949"]
[Annotator "ChessBase"]
[PlyCount "83"]
[EventDate "2019.05.30"]
[EventType "swiss"]
[EventCountry "SWE"]
[SourceTitle "playchess.com"]
[Source "ChessBase"]
[SourceQuality "1"]
[TimeControl "1800+12"]

1. d4 d5 2. Nf3 e6 3. c4 c6 4. Nc3 f5 5. g3 Nf6 6. Bg2 Bd6 7. O-O Nbd7 8. c5 Bc7 9. b4 e5 10. dxe5 Nxe5 11. Nxe5 Bxe5 12. Bb2 O-O 13. e3 Be6 14. Qc2 Qe8 15. Ne2 Bd7 16. a3 Rd8 17. Bxe5 Qxe5 18. Rab1 Ne4 19. Qb2 Qe7 20. Rfc1 Rde8 21. Qd4 a6 22. a4 Qf7 23. Nf4 g5 24. Nd3 Qh5 25. Rb2 Re6 26. Ne5 Bc8 27. f3 Rh6 28. Bf1 Nxg3 29. hxg3 Qh1+ 30. Kf2 f4 31. exf4 gxf4 32. g4 Qh4+ 33. Ke2 Re8 34. Kd3 Bxg4 35. Nxg4 Rhe6 36. Re2 Qg3 37. Nh6+ Rxh6 38. Rxe8+ Kf7 39. Qe5 Qxf3+ 40. Kd2 Rh2+ 41. Be2 Rxe2+ 42. Qxe2 1-0

[Event "16th Deltalift Open 2019"]
[Site "Halmstad"]
[Date "2019.05.30"]
[Round "3.24"]
[White "Lindborg, Patrik"]
[Black "Stenman, Christoffer"]
[Result "1-0"]
[ECO "A52"]
[WhiteElo "2172"]
[BlackElo "1947"]
[Annotator "ChessBase"]
[PlyCount "75"]
[EventDate "2019.05.30"]
[EventType "swiss"]
[EventCountry "SWE"]
[SourceTitle "playchess.com"]
[Source "ChessBase"]
[SourceQuality "1"]
[TimeControl "1800+12"]

1. d4 Nf6 2. c4 e5 3. dxe5 Ng4 4. Bf4 Nc6 5. Nf3 Bb4+ 6. Nbd2 Qe7 7. e3 Ngxe5 8. Nxe5 Nxe5 9. Be2 O-O 10. O-O Bxd2 11. Qxd2 d6 12. Qc3 Re8 13. h3 Bd7 14. Rac1 Bc6 15. Rfd1 Ng6 16. Bg3 Nh4 17. c5 Nxg2 18. cxd6 cxd6 19. Qd4 Qg5 20. Rxc6 Nxe3 21. h4 Qa5 22. fxe3 bxc6 23. a3 d5 24. Bd3 Re6 25. h5 Qd8 26. Qg4 h6 27. Bh4 Qb6 28. Bf2 Qxb2 29. Qf5 Rae8 30. Qh7+ Kf8 31. Bh4 g5 32. hxg6 Qg7 33. Kf2 d4 34. gxf7 R8e7 35. Bxe7+ Kxf7 36. Qxg7+ Kxg7 37. Bc5 dxe3+ 38. Bxe3 1-0

[Event "16th Deltalift Open 2019"]
[Site "Halmstad"]
[Date "2019.05.30"]
[Round "4.1"]
[White "Hector, Jonny"]
[Black "Seo, Jung Min"]
[Result "0-1"]
[ECO "B30"]
[WhiteElo "2488"]
[BlackElo "2377"]
[Annotator "ChessBase"]
[PlyCount "130"]
[EventDate "2019.05.30"]
[EventType "swiss"]
[EventCountry "SWE"]
[SourceTitle "playchess.com"]
[Source "ChessBase"]
[SourceQuality "1"]
[TimeControl "1800+12"]

1. e4 c5 2. Nf3 Nc6 3. Nc3 g6 4. Bc4 Bg7 5. O-O d6 6. d3 e6 7. a3 Nge7 8. Re1 O-O 9. Ba2 a6 10. Be3 Nd4 11. Bxd4 cxd4 12. Ne2 Qb6 13. Qd2 Bd7 14. c3 dxc3 15. bxc3 Rac8 16. Rab1 Qc7 17. d4 b5 18. Rbc1 Qa5 19. h4 Qd8 20. h5 Nc6 21. Qf4 Qe7 22. e5 dxe5 23. dxe5 Qxa3 24. Ra1 Qe7 25. Ng3 h6 26. hxg6 fxg6 27. Qg4 Qf7 28. Rad1 Kh7 29. Ne4 Qe7 30. Rxd7 Qxd7 31. Bxe6 Qc7 32. Bxc8 Qxc8 33. e6 Ne7 34. Nd6 Qxc3 35. Nf7 b4 36. Qh4 Nf5 37. Qe4 Re8 38. g4 Ne7 39. Re3 Qc1+ 40. Kg2 Qc6 41. Qxb4 Nd5 42. Qe4 Nxe3+ 43. Qxe3 Kg8 44. Nxh6+ Bxh6 45. Qxh6 Qxe6 46. Kg3 Qd6+ 47. Kg2 Qc6 48. Kg3 Qc7+ 49. Kg2 Qg7 50. Qd2 Qf6 51. g5 Qe6 52. Kg3 Rf8 53. Nh2 Qe5+ 54. f4 Qe7 55. Ng4 Qe6 56. Qc3 Rc8 57. Qd2 Qc6 58. Nf6+ Kf7 59. Qh2 Qc3+ 60. Kg4 Qd3 61. Qa2+ Qc4 62. Qa5 Qe6+ 63. Kg3 Rc1 64. Kf2 Rc2+ 65. Kg3 Qe3+ 0-1